 Dungeon Crawl Stone Soup version 0.30-a0-1050-g2766ea1e55 (console) character file.

Game seed: 6500059564089575137

495 Kenran the Cleaver (level 7, 0/63 HPs)
             Began as a Hill Orc Monk on Apr 10, 2023.
             Slain by Sigmund
             ... wielding a +0 scythe
              (7 damage)
             ... on level 5 of the Dungeon.
             The game lasted 00:11:35 (3537 turns).

Kenran the Cleaver (Hill Orc Monk)                  Turns: 3537, Time: 00:11:35

Health: 0/63       AC:  6    Str: 16    XL:     7   Next: 15%
Magic:  7/7        EV: 11    Int: 10    God:
Gold:   213        SH:  5    Dex: 13    Spells: 6/6 levels left

rFire   . . .      SeeInvis .    h - +0 war axe
rCold   . . .      Faith    .    (no shield)
rNeg    . . .      Spirit   .    k - +0 ring mail
rPois   .          Reflect  +    f - +0 helmet
rElec   .          Rampage  .    (no cloak)
rCorr   .                        (no gloves)
Will    .....                    (no boots)
Stlth   +                        l - amulet of reflection
HPRegen 0.30/turn                (no ring)
MPRegen 0.10/turn                (no ring)

@: no status effects
A: no striking features
a: no special abilities


You were on level 5 of the Dungeon.
You visited 1 branch of the dungeon, and saw 5 of its levels.

You collected 213 gold pieces.

Inventory:

Hand Weapons
 h - a +0 war axe (weapon)
Armour
 f - a +0 helmet (worn)
 k - a +0 ring mail (worn)
Jewellery
 l - an amulet of reflection (around neck)
Wands
 r - a wand of roots (7)
Scrolls
 a - 2 scrolls of vulnerability {!r}
 b - a scroll of magic mapping
 g - 3 scrolls of amnesia
 p - 2 scrolls of fear
 q - a scroll of silence
Potions
 c - a potion of ambrosia
 d - a potion of heal wounds {@q2}
 e - 2 potions of attraction {unknown}
 j - 2 potions of flight {unknown}
 m - 2 potions of lignification {unknown}
 n - a potion of degeneration {unknown}
 o - a potion of haste {unknown}


   Skills:
 - Level 6.0 Fighting
 + Level 8.1 Axes
 - Level 3.0 Armour
 - Level 2.4 Dodging
 - Level 1.5 Stealth


You had 6 spell levels left.
You didn't know any spells.
Your spell library contained the following spells:

 Spells                   Type           Power      Damage    Failure   Level
 Call Canine Familiar     Summ           0%         N/A       91%         3
 Inner Flame              Hex/Fire       0%         N/A       91%         3
 Ozocubu's Armour         Ice            0%         N/A       91%         3
 Portal Projectile        Hex/Tloc       0%         N/A       91%         3
 Leda's Liquefaction      Hex/Erth       0%         N/A       100%        4
 Metabolic Englaciation   Hex/Ice        0%         N/A       100%        5
 Yara's Violent Unravell  Hex/Tmut       0%         3d3       100%        5
 Simulacrum               Ice/Necr       0%         N/A       100%        6
 Enfeeble                 Hex            0%         N/A       100%        7


Dungeon Overview and Level Annotations

Branches:
Dungeon (5/15)
 Temple: D:4-7

Altars:
Cheibriados
Elyvilon
Sif Muna
Trog
Uskayaw
Wu Jian
Xom

Shops:
D:2 [

Annotations:
D:5 Sigmund


Message History

The hobgoblin barely misses you.
You hear some strange, mumbled words.
A magic dart appears from out of thin air!
The magic dart hits you.
The hobgoblin hits you with a +0 scythe.
* * * LOW HITPOINT WARNING * * *
Things that are here:
a +0 scythe; a +0 robe; an orc corpse You hit the hobgoblin.
The hobgoblin is moderately wounded.
You hit something but do no damage.
You hear some strange, mumbled words.
A magic dart appears from out of thin air!
The magic dart hits you.
* * * LOW HITPOINT WARNING * * *
You block the hobgoblin's attack. Something hits you but does no damage.
You hit the hobgoblin but do no damage.
The hobgoblin is moderately wounded.
You barely miss something. The hobgoblin misses you.
You barely miss the hobgoblin.
The hobgoblin is moderately wounded.
You closely miss something.
You hear some strange, mumbled words.
A magic dart appears from out of thin air!
The magic dart hits you.
* * * LOW HITPOINT WARNING * * *
You block the hobgoblin's attack.
Press: ? - help, v - describe, . - travel
Here: a hobgoblin, wielding a +0 scythe and wearing a +0 robe (moderately wounded)
The floor.
Unknown command.
You hit the hobgoblin.
The hobgoblin is severely wounded.
You closely miss something. Something hits you.
* * * LOW HITPOINT WARNING * * *
The hobgoblin hits you but does no damage.
You hit the hobgoblin but do no damage.
The hobgoblin is severely wounded.
You barely miss something. The hobgoblin misses you. Something hits you!
You die...

#..#.# #.#..#.###.#.##...####
#..#########.#...................
#..##.................##.........
.....>.........#.#######.........
##.#####.###.###.# #.........
.............###'### ########..
########.###....<..######### #..
#.# #...............# #..
##'###...............# #..
#....######'##.......#
#........#@).#.......#
#.......##g{.#.......#
#.......######.......# #.......#
#..........# ####....#
######.##### #....# #.# #....#
#.# ###### #.# #<# ###


You could see a hobgoblin.

Vanquished Creatures
  2 scorpions
  A howler monkey (D:4)
  An orc priest (D:4)
  An iguana (D:5)
  A gnoll bouda (D:4)
  2 orc wizards (D:4)
  Robin (D:3)
  4 gnolls
  4 adders
  3 worms
  A dart slug (D:2)
  17 orcs
  5 bats
  7 endoplasms
  A giant cockroach (D:3)
  14 goblins
  3 hobgoblins
  8 jackals
  A quokka (D:3)
  4 ball pythons
  6 frilled lizards
  7 kobolds
  5 rats
99 creatures vanquished.

Notes
Turn   | Place    | Note
-------+----------+-------------------------------------------
     0 | D:1      | Kenran the Hill Orc Monk began the quest for the Orb.
     0 | D:1      | Reached XP level 1. HP: 19/19 MP: 1/1
   233 | D:1      | Reached XP level 2. HP: 21/27 MP: 2/2
   501 | D:1      | Reached skill level 5 in Axes
   565 | D:1      | Found a faded altar of an unknown god.
   598 | D:1      | Reached XP level 3. HP: 29/33 MP: 3/3
   786 | D:2      | Found Ydahiusk's Antique Armour Emporium.
  1542 | D:3      | Reached skill level 6 in Axes
  1545 | D:3      | Reached skill level 1 in Armour
  1545 | D:3      | Reached XP level 4. HP: 16/40 MP: 4/4
  1644 | D:3      | Found a snail-covered altar of Cheibriados.
  1822 | D:3      | Noticed Robin
  1836 | D:3      | Killed Robin
  1910 | D:3      | Reached XP level 5. HP: 46/46 MP: 5/5
  1917 | D:3      | Found a hide-covered altar of Uskayaw.
  2419 | D:4      | Reached skill level 7 in Axes
  2455 | D:4      | Reached XP level 6. HP: 27/53 MP: 6/6
  2577 | D:4      | Reached skill level 5 in Fighting
  2610 | D:4      | Found a bloodstained altar of Trog.
  2711 | D:4      | Found an ornate altar of the Wu Jian Council.
  2779 | D:4      | Found a white marble altar of Elyvilon.
  2993 | D:4      | Found a shimmering altar of Xom.
  3030 | D:4      | Reached skill level 8 in Axes
  3241 | D:4      | Found a shimmering blue altar of Sif Muna.
  3307 | D:5      | Entered Level 5 of the Dungeon
  3332 | D:5      | Reached XP level 7. HP: 35/62 MP: 7/7
  3524 | D:5      | Noticed Sigmund
  3537 | D:5      | Slain by Sigmund

Illustrated notes

Levels and vault maps discovered:
D:1:      lemuel_arrival_rhombus, layout_basic,
          ebering_ecumenical_altar_sacrificial
D:2:      layout_basic, serial_shops, nicolae_shop_crystal,
          minmay_misc_feat_enclosed, kennysheep_nub
D:3:      layout_basic, lemuel_tele_altar, cheibriados_altar_1,
          minmay_statues_item, minmay_misc_feat_pillars, uniq_robin
D:4:      layout_gridville, kennysheep_little_box, nicolae_wu_jian_wuxing_cycle,
          mainiacjoe_overflow_paths, elyvilon_altar_1, xom_teletrap_fun
D:5:      layout_basic, serial_rivers, chequers_serial_rivers_room_a,
          chequers_serial_rivers_micro_a, chequers_serial_rivers_small_a,
          chequers_serial_rivers_micro_e, chequers_serial_rivers_small_b,
          portal_sewer_entry_a, sigmund_army

Skill      XL: |  1  2  3  4  5  6  7 |
---------------+----------------------+-----
Fighting       | 4 5 6 |  6.0
Axes           | 5 6 7 8 |  8.1
Armour         | 1 2 3 |  3.0
Dodging        | |  2.4
Stealth        | |  1.5

Action                     |  1- 3 |  4- 6 |  7- 9 || total
---------------------------+-------+-------+-------++-------
  Melee: Hand axe          |    23 |       |       ||    23
         War axe           |    76 |   137 |    19 ||   232
    Use: Scroll            |     1 |     4 |       ||     5
         Potion            |       |     4 |       ||     4
   Stab: Sleeping          |     4 |       |       ||     4
 Armour: Robe              |     8 |       |       ||     8
         Leather armour    |    12 |       |       ||    12
         Ring mail         |    10 |    42 |     7 ||    59
  Dodge: Dodged            |    59 |    63 |    14 ||   136
  Block: Other             |     5 |    30 |     6 ||    41

Table legend: (Time is in decaauts)
 A = Elapsed time spent in this place.
 B = Non-inter-level travel time spent in this place.
 C = Inter-level travel time spent in this place.
 D = Time resting spent in this place.
 E = Time spent auto-exploring this place.
 F = Levels seen in this place.
 G = Mean time per level.
                   A        B        C        D        E       F      G
               +--------+--------+--------+--------+--------+-----+--------+
         Total |   3579 |   3494 |     85 |    164 |   1751 |   5 |  715.8 |
       Dungeon |   3579 |   3494 |     85 |    164 |   1751 |   5 |  715.8 |
               +--------+--------+--------+--------+--------+-----+--------+

Top non-repeatable levels by time:
     D:4: 1085 daAuts
     D:1: 786 daAuts
     D:2: 747 daAuts
     D:3: 727 daAuts
     D:5: 232 daAuts
